Map: [ESL] Hard Lead

Players

GogojOey - Winner!

  • Race: Zerg Zerg
  • Spawn Location: 5:00

Has

  • Race: Protoss Protoss
  • Spawn Location: 11:00

Event: ESL SC2 Masters 2023 Winter (Regional)

VOD

Have the link to the VOD?

Description

Time

  • Played on: Nov. 2, 2023, 9:24 a.m.
  • Length: 15:48

All games in this series

Show
View Real Time Build Order
Export as new Build Order

GogojOey Zerg - Winner!

Build Orders: Hatch First 

Get SALT Encoding   

  12  0:00  Drone  
  13  0:12  Overlord  
  13  0:17  Drone  
  14  0:30  Drone x2  
  16  0:47  Hatchery  
  15  0:51  Drone  
  15  0:54  Drone  
  17  0:58  Drone  
  18  1:08  Extractor  
  17  1:12  Spawning Pool  
  17  1:15  Drone  
  17  1:20  Drone  
  18  1:29  Drone  
  19  1:38  Drone  
  20  1:49  Overlord  
  20  1:59  Queen  
  20  2:00  Queen  
  20  2:01  Drone x2  
  26  2:09  Metabolic Boost  
  26  2:12  Zergling x4  
  28  2:21  Drone x2  
  30  2:33  Drone  
  31  2:43  Hatchery  
  30  2:44  Queen  
  30  2:46  Overlord  
  32  2:52  Drone x2  
  32  2:54  Drone  
  32  2:57  Drone  
  36  3:05  Overlord  
  35  3:16  Drone  
  35  3:19  Overlord  
  36  3:23  Queen  
  36  3:25  Drone x4  
  42  3:34  Roach Warren, Overlord  
  42  3:37  Drone  
  42  3:46  Queen  
  45  3:48  Drone x2, Extractor  
  45  3:50  Drone x2  
  45  3:54  Zergling x6  
  50  3:59  Queen  
  51  4:07  Drone x3  
  51  4:09  Overlord  
  54  4:14  Roach x2  
  58  4:18  Zergling x2  
  58  4:20  Zergling x6  
  62  4:26  Overlord  
  62  4:27  Zergling x4  
  64  4:34  Roach  
  64  4:35  Zergling x2  
  64  4:37  Spore Crawler  
  66  4:38  Spore Crawler  
  66  4:40  Spore Crawler  
  66  4:42  Zergling x2  
  65  4:49  Drone  
  65  4:51  Roach  
  68  4:52  Zergling x2  
  68  4:53  Zergling x12  
  74  5:03  Lair  
  74  5:09  Overlord x3  
  74  5:13  Overlord  
  74  5:14  Overlord  
  74  5:17  Overlord  
  74  5:21  Overlord  
  74  5:28  Drone x4  
  78  5:29  Drone  
  78  5:32  Drone x2  
  78  5:33  Drone  
  82  5:37  Drone x2  
  82  5:41  Drone x2  
  86  5:45  Queen  
  88  5:53  Roach x3  
  88  5:56  Roach  
  90  5:59  Roach x2  
  90  6:03  Roach x2  
  98  6:05  Glial Reconstitution  
  98  6:08  Extractor  
  98  6:09  Drone  
  98  6:10  Drone  
  99  6:13  Roach x2  
  99  6:14  Drone  
  99  6:18  Ravager x2  
  105  6:20  Roach x2  
  105  6:24  Drone x2  
  105  6:25  Roach x2  
  116  6:28  Roach  
  118  6:33  Zergling x4, Roach  
  118  6:49  Roach x4  
  104  6:54  Zergling x2, Roach  
  104  6:55  Zergling x8  
  104  6:56  Queen  
  101  7:03  Zergling x6, Roach x2  
  95  7:11  Zergling x6, Roach  
  95  7:12  Queen x2  
  104  7:16  Roach x2  
  104  7:22  Roach  
  108  7:26  Roach  
  108  7:28  Zergling x2  
  111  7:32  Queen  
  111  7:33  Extractor, Roach  
  111  7:35  Evolution Chamber  
  113  7:37  Roach x2  
  113  7:42  Roach  
  119  7:46  Spine Crawler  
  119  7:47  Roach x2, Queen  
  124  7:54  Overlord  
  124  7:57  Queen  
  126  7:59  Drone x2  
  128  8:06  Overlord  
  128  8:08  Roach  
  130  8:15  Roach x4  
  134  8:24  Roach x2, Queen  
  134  8:26  Queen  
  120  8:32  Zergling x8, Roach x4  
  111  8:40  Roach x2  
  109  8:44  Roach  
  107  8:49  Queen  
  107  8:50  Roach x2  
  107  8:52  Zerg Missile Weapons Level 1  
  115  8:55  Roach  
  115  8:59  Roach x6  
  115  9:02  Ravager  
  128  9:04  Roach x2  
  132  9:11  Roach  
  132  9:13  Roach x2  
  138  9:17  Roach  
  140  9:28  Roach x3  
  146  9:34  Overlord x2  
  146  9:35  Hatchery  
  145  9:40  Overlord  
  143  9:57  Roach x10  
  161  10:03  Drone  
  161  10:06  Roach x3  
  168  10:11  Roach  
  152  10:19  Roach x8  
  162  10:22  Ravager  
  142  10:38  Roach x8  
  124  10:51  Roach x8  
  133  10:57  Drone  
  133  10:59  Roach x3  
  133  11:02  Roach  
  141  11:05  Roach  
  143  11:14  Zergling x8, Roach x2  
  151  11:23  Zerg Missile Weapons Level 2  
  151  11:25  Zergling x16  
  155  11:28  Drone  
  160  11:43  Zergling x6, Roach x5  
  135  12:01  Roach  
  135  12:02  Roach x9  
  135  12:04  Drone  
  154  12:13  Roach x5  
  154  12:15  Drone  
  162  12:18  Drone x3  
  162  12:19  Drone  
  165  12:38  Roach x5  
  165  12:39  Overlord x3  
  165  12:42  Baneling Nest  
  174  12:45  Spine Crawler  
  174  12:47  Overlord  
  173  12:59  Zergling x2, Roach x9  
  173  13:03  Pneumatized Carapace  
  173  13:05  Drone x2  
  194  13:09  Roach x2  
  198  13:19  Zergling x2  
  192  13:33  Spine Crawler x3  
  177  13:47  Roach x16  
  180  13:50  Zergling x2, Roach x3  
  171  14:01  Zergling x4, Roach x5  
  177  14:07  Roach  
  177  14:08  Zergling x2, Roach x2  
  166  14:15  Zergling x2, Roach x2  
  139  14:24  Roach x3  
  139  14:30  Zergling x2, Roach  
  139  14:31  Roach  
  134  14:38  Zergling x4, Roach  
  123  14:46  Zergling x2, Roach x3  
  115  14:59  Roach x5  
  120  15:07  Zergling x6, Roach  
  120  15:11  Zergling x4  
  123  15:24  Zergling x4, Roach x3  
Show
View Real Time Build Order
Export as new Build Order

Has Protoss 

Build Orders: 1 Gate Expand, Zealot Archon 

Get SALT Encoding   

  12  0:00  Probe  
  13  0:12  Probe  
  14  0:20  Pylon  
  14  0:24  Probe  
  15  0:38  Probe (Chrono Boost)  
  15  0:40  Gateway  
  16  0:48  Assimilator, Probe (Chrono Boost)  
  17  0:53  Probe (Chrono Boost)  
  18  1:04  Probe  
  19  1:16  Probe  
  20  1:26  Nexus  
  20  1:35  Cybernetics Core  
  20  1:37  Probe  
  21  1:43  Assimilator  
  21  1:49  Probe  
  21  1:53  Pylon  
  22  2:01  Probe  
  22  2:08  Stalker (Chrono Boost)  
  23  2:11  Warp Gate  
  23  2:13  Probe  
  26  2:20  Twilight Council  
  26  2:25  Probe  
  27  2:33  Adept  
  29  2:39  Probe x2 (Chrono Boost)  
  31  2:51  Probe x2 (Chrono Boost)  
  33  2:56  Probe x2 (Chrono Boost)  
  35  2:58  Resonating Glaives  
  35  3:05  Probe x2  
  36  3:08  Gateway  
  36  3:15  Gateway  
  36  3:17  Probe  
  36  3:18  Adept  
  39  3:20  Probe  
  39  3:26  Robotics Facility  
  40  3:29  Probe  
  40  3:32  Probe (Chrono Boost)  
  40  3:34  Pylon  
  42  3:42  Probe (Chrono Boost)  
  42  3:44  Probe (Chrono Boost)  
  44  3:52  Probe (Chrono Boost)  
  44  3:53  Probe (Chrono Boost)  
  46  3:56  Probe (Chrono Boost)  
  46  4:01  Nexus  
  46  4:02  Pylon  
  48  4:09  Assimilator  
  48  4:11  Adept x3  
  48  4:13  Observer (Chrono Boost)  
  48  4:16  Pylon  
  54  4:20  Probe x2  
  56  4:29  Immortal (Chrono Boost)  
  60  4:36  Pylon  
  60  4:38  Charge, Probe x2  
  62  4:46  Zealot  
  62  4:47  Sentry, Zealot  
  62  4:50  Probe  
  62  4:52  Probe  
  70  5:03  Immortal (Chrono Boost), Probe  
  75  5:12  Gateway  
  75  5:14  Gateway  
  75  5:15  Gateway  
  75  5:18  Gateway  
  75  5:23  Templar Archives  
  75  5:25  Probe x2  
  75  5:27  Probe  
  78  5:33  Warp Prism (Chrono Boost)  
  78  5:37  Probe  
  81  5:45  Zealot x3  
  87  5:56  Probe x3  
  88  5:57  Shield Battery  
  88  5:59  Pylon  
  88  6:03  Pylon  
  88  6:07  Zealot x2  
  88  6:09  Pylon  
  92  6:11  Probe  
  92  6:12  Pylon  
  93  6:19  High Templar x2, Pylon  
  93  6:20  Zealot x2  
  93  6:23  Archon  
  93  6:24  Stalker  
  103  6:27  Stalker x2  
  107  6:34  Zealot x2  
  106  6:41  Zealot x2  
  96  6:54  Zealot x2  
  87  6:56  Zealot  
  87  6:57  Zealot x2  
  87  6:59  Warp Prism (Chrono Boost)  
  76  7:07  Zealot  
  74  7:13  Zealot  
  72  7:26  High Templar  
  72  7:27  High Templar, Zealot x4  
  84  7:30  Archon  
  84  7:34  Zealot  
  86  7:37  Probe  
  87  7:45  High Templar x2  
  87  7:48  Zealot x2  
  87  7:49  Archon, Probe  
  87  7:51  Shield Battery  
  96  7:55  Zealot  
  98  8:01  Stalker x2  
  102  8:09  Adept  
  102  8:10  Zealot x2  
  98  8:21  Zealot  
  98  8:22  Zealot  
  98  8:25  Zealot  
  98  8:26  Zealot x2  
  80  8:34  Zealot x2  
  72  8:47  Robotics Bay  
  64  8:48  Probe x2  
  64  8:49  Probe  
  64  8:52  Immortal (Chrono Boost)  
  71  8:59  High Templar x2, Zealot  
  71  9:00  Zealot x3  
  83  9:03  Archon  
  83  9:04  Zealot  
  83  9:08  Assimilator  
  85  9:12  Pylon  
  85  9:13  Assimilator  
  85  9:21  Zealot  
  87  9:31  Gateway  
  87  9:35  Disruptor (Chrono Boost)  
  91  9:38  Zealot x4  
  91  9:39  Zealot  
  91  9:42  Pylon  
  99  9:55  Zealot x2  
  99  9:59  Disruptor (Chrono Boost)  
  103  10:05  Zealot x2  
  103  10:06  Zealot  
  102  10:20  High Templar x2  
  96  10:24  Archon  
  79  10:39  Zealot x5  
  79  10:40  Disruptor (Chrono Boost)  
  75  11:03  High Templar x2  
  79  11:11  Archon  
  79  11:14  Nexus  
  79  11:16  High Templar x2  
  79  11:17  Zealot  
  85  11:24  Nexus  
  85  11:26  Disruptor (Chrono Boost)  
  89  11:45  Archon  
  87  11:50  Zealot x5  
  85  12:01  Disruptor (Chrono Boost)  
  89  12:13  High Templar x2, Zealot  
  95  12:18  Archon  
  95  12:23  Pylon  
  95  12:39  High Templar x2  
  95  12:43  Observer (Chrono Boost)  
  100  12:44  Archon  
  100  12:47  Shield Battery, Probe  
  100  12:49  Zealot  
  103  12:55  Disruptor (Chrono Boost)  
  107  13:05  Zealot x2  
  111  13:20  Zealot x3  
  111  13:24  High Templar  
  111  13:25  High Templar  
  121  13:32  Archon  
  39  14:32  Zealot x5  
Tags
 
Add a new tag
Caveats
  • Supply blocks, unpowered buildings, or Contaminate may cause inaccurate times.
  • Supply counts are checked every 10 seconds.